 Dungeon Crawl Stone Soup version 0.30-a0-782-ge64f9170bb (webtiles) character file.

Game seed: 10066701970842798767

76214 funkygono the Thaumaturge (level 15, -1/86 HPs)
             Began as a Gargoyle Fire Elementalist on Mar 9, 2023.
             Was an Elder of Sif Muna.
             Killed by divine providence
             ... invoked by a smoke demon
             ... summoned by Mlioglotl
              (11 damage)
             ... on level 1 of the Swamp.
             The game lasted 00:59:15 (28636 turns).

funkygono the Thaumaturge (GrFE)                   Turns: 28636, Time: 00:59:16

Health: -1/86      AC: 32    Str: 13    XL:     15   Next: 52%
Magic:  20/33      EV: 13    Int: 25    God:    Sif Muna [****..]
Gold:   1323       SH:  0    Dex: 16    Spells: 4/43 levels left

rFire   + . .      SeeInvis .    w - +7 great mace "Gebuimoe" {venom, Fragile Dex+6}
rCold   x . .      Faith    .    (shield currently unavailable)
rNeg    + . .      Spirit   .    g - +3 ring mail "Miur Qym" {+Inv}
rPois   ∞          Reflect  .    H - +2 helmet {Int+3}
rElec   +          Harm     .    n - +2 cloak
rCorr   .          Rampage  +    I - +1 pair of gloves
Will    +....                    d - +1 pair of boots {rampage}
Stlth   +                        A - amulet of the acrobat
HPRegen 0.34/turn                c - ring of fire
MPRegen 0.23/turn                F - +4 ring of slaying

@: flying, studying Fighting
A: sickness immunity, AC +11, big wings, negative energy resistance 1,
electricity resistance, torment resistance 1, petrification resistance
a: Renounce Religion, Evoke Invisibility, Channel Magic, Forget Spell, Divine
Exegesis


You were on level 1 of the Swamp.
You worshipped Sif Muna.
Sif Muna was greatly pleased with you.
You visited 5 branches of the dungeon, and saw 22 of its levels.
You also visited: Bailey.

You collected 1808 gold pieces.
You spent 485 gold pieces at shops.

Inventory:

Hand Weapons
 l - the +8 dire flail "Zazon" {venom, rElec}
   (You took it off a two-headed ogre on level 9 of the Dungeon)

   rElec:     It insulates you from electricity.
 w - the +7 great mace "Gebuimoe" (weapon) {venom, Fragile Dex+6}
   (You took it off a two-headed ogre on level 9 of the Dungeon)

   Dex:       It affects your dexterity (+6).
   Fragile:   It will be destroyed if unequipped.
Armour
 d - a +1 pair of boots of rampaging (worn)
 g - the +3 ring mail "Miur Qym" (worn) {+Inv}
   (You found it on level 5 of the Dungeon)

   +Inv:      It lets you turn invisible.
 n - a +2 cloak (worn)
 H - a +2 helmet of intelligence (worn)
 I - a +1 pair of gloves (worn)
 P - a +2 robe of resistance
Magical Staves
 a - a staff of air
Jewellery
 c - a ring of fire (left hand)
 A - an amulet of the acrobat (around neck)
 D - a ring of resist corrosion
 F - a +4 ring of slaying (right hand)
 L - a ring of protection from fire
Wands
 o - a wand of flame (44)
 x - a wand of charming (14)
 z - a wand of iceblast (13)
Scrolls
 e - 2 scrolls of amnesia
 j - 2 scrolls of poison
 p - 8 scrolls of teleportation
 v - 2 scrolls of fog
 y - a scroll of identify
 Q - a scroll of fear
 R - 3 scrolls of magic mapping
Potions
 b - 4 potions of magic
 f - 8 potions of brilliance
 i - 5 potions of mutation
 k - 9 potions of haste
 m - 2 potions of ambrosia
 q - 6 potions of might
 r - 8 potions of curing
 s - 3 potions of resistance
 C - 7 potions of heal wounds
 M - 3 potions of cancellation


   Skills:
 + Level 7.1 Fighting
 + Level 6.7 Maces & Flails
 + Level 8.3 Armour
 + Level 5.4 Dodging
 - Level 2.1 Stealth
 + Level 14.9 Spellcasting
 + Level 11.3 Conjurations
 + Level 2.7 Summonings
 + Level 14.8 Fire Magic
 * Level 0.8 Earth Magic
 + Level 2.2 Invocations


You had 4 spell levels left.
You knew the following spells:

 Your Spells              Type           Power      Damage    Failure   Level
a - Foxfire               Conj/Fire      100%       2x1d9     1%          1
b - Scorch                Fire           100%       2d10      1%          2
c - Kindle Blastsparks    Fire/Tloc/Air  100%       2d18      2%          3
d - Flame Wave            Conj/Fire      90%        2d19      1%          4
e - Fireball              Conj/Fire      45%        3d18      1%          5
f - Magic Dart            Conj           100%       1d8       1%          1
g - Call Imp              Summ           32%        N/A       2%          2
h - Iskenderun's Mystic   Conj/Tloc      47%        2d10      5%          4
i - Starburst             Conj/Fire      45%        6d13      4%          6
j - Iskenderun's Battles  Conj           66%        2d12      1%          5
k - Iron Shot             Conj/Erth      24%        9d5       56%         6

Your spell library contained the following spells:

 Spells                   Type           Power      Damage    Failure   Level
 Kiss of Death            Conj/Necr      100%       2d13      1%          1
 Shock                    Conj/Air       100%       1d9       1%          1
 Static Discharge         Conj/Air       92%        2-6/arc   1%          2
 Hailstorm                Conj/Ice       46%        3d11      1%          3
 Inner Flame              Hex/Fire       70%        N/A       1%          3
 Mephitic Cloud           Conj/Pois/Air  37%        N/A       3%          3
 Passwall                 Tmut/Erth      16%        N/A       7%          2
 Ensorcelled Hibernation  Hex/Ice        36%        N/A       9%          2
 Wereblood                Tmut           18%        N/A       9%          2
 Summon Guardian Golem    Hex/Summ       25%        N/A       10%         3
 Spider Form              Tmut/Pois      18%        N/A       17%         3
 Swiftness                Air            18%        N/A       17%         3
 Tukima's Dance           Hex            18%        N/A       17%         3
 Leda's Liquefaction      Hex/Erth       10%        N/A       43%         4
 Passage of Golubria      Tloc           19%        N/A       47%         4
 Airstrike                Air            9%         2d(2-18)  50%         4
 Anguish                  Hex/Necr       9%         N/A       50%         4
 Animate Dead             Necr           18%        N/A       50%         4
 Dispel Undead            Necr           18%        3d11      50%         4
 Ice Form                 Ice/Tmut       18%        N/A       50%         4
 Arcjolt                  Conj/Air       23%        1d33      16%         5
 Orb of Destruction       Conj           33%        9d10      41%         7
 Borgnjor's Vile Clutch   Necr/Erth      10%        N/A       78%         5
 Agony                    Necr           18%        N/A       83%         5
 Yara's Violent Unravell  Hex/Tmut       9%         3d6       83%         5
 Death Channel            Necr           9%         N/A       100%        6
 Simulacrum               Ice/Necr       9%         N/A       100%        6
 Enfeeble                 Hex            9%         N/A       100%        7
 Summon Hydra             Summ           16%        N/A       100%        7
 Borgnjor's Revivificati  Necr           9%         N/A       100%        8
 Maxwell's Capacitive Co  Air            9%         ∞         100%        8
 Necromutation            Tmut/Necr      9%         N/A       100%        8
 Death's Door             Necr           9%         N/A       100%        9
 Fire Storm               Conj/Fire      45%        8d11      100%        9
 Sublimation of Blood     Necr           Unusable   N/A       N/A         2

Dungeon Overview and Level Annotations

Branches:
Dungeon (13/15)            Temple (1/1) D:4            Lair (5/5) D:11
  Swamp (1/4) Lair:2        Snake (0/4) Lair:2        Slime (0/5) Lair:5
    Orc (2/2) D:12            Elf (0/3) Orc:2        Bailey (visited)
 Vaults: D:13-14

Altars:
Ashenzari
Cheibriados
Dithmenos
Elyvilon
Fedhas
Gozag
Hepliaklqana
Kikubaaqudgha
Makhleb
Nemelex Xobeh
Okawaru
Qazlal
Ru
Sif Muna
Trog
Uskayaw
Vehumet
Wu Jian
Xom
Yredelemnul
Zin
The Shining One

Shops:
D:8 [   D:12 *   Orc:1 ?   Orc:2 [[*[

Annotations:
Lair:3 3 runed translucent doors, utis's ghost, journeyman TeWn
Lair:4 exclusion: orange crystal statue
Swamp:1 Mlioglotl


Innate Abilities, Weirdness & Mutations

You are immune to sickness and miasma.
Your stone body is resilient. (AC +11)
You are immune to poison.
Your large and strong wings let you fly.
You resist negative energy. (rN+)
You are resistant to electric shocks. (rElec)
You are resistant to unholy torment.
You are immune to petrification.


Message History

Unknown command.
A wave of flame ripples out!
The flame wave engulfs Mlioglotl.
Mlioglotl is severely wounded.
The flame wave engulfs the smoke demon!
The smoke demon resists.
The smoke demon is severely wounded.
The demonic tree burns, releasing chaotic energy.
The mangrove smoulders and burns.
Your battlesphere fires!
The barrage of energy hits the smoke demon!
The smoke demon is almost dead.
Mlioglotl closely misses you. Mlioglotl misses you.
The smoke demon gestures at you.
The ball of steam hits you but does no damage.
Mlioglotl barely misses you. Mlioglotl completely misses you.
Unknown command.
You bludgeon Mlioglotl!!
Mlioglotl is almost dead.
Mlioglotl churns violently!
Mlioglotl corrupts the dungeon around him!
The smoke demon hits you but does no damage. x2
The smoke demon closely misses you.
The chaos spawn shouts in stereo!
You hit Mlioglotl but do no damage.
Mlioglotl is almost dead.
Mlioglotl hits you but does no damage. Mlioglotl barely misses you.
The smoke demon gestures at you. Something smites you! Mlioglotl hits you!!
* * * LOW HITPOINT WARNING * * *
Mlioglotl tramples you!
* * * LOW HITPOINT WARNING * * *
You hold your ground!
The chaos spawn is engulfed in a cloud of scalding steam.
The smoke demon hits you but does no damage. x3
Unknown command.
You feel much better. Mlioglotl hits you!!
* * * LOW HITPOINT WARNING * * *
Mlioglotl barely misses you. x2; Mlioglotl closely misses you.
The smoke demon gestures at you. Something smites you!
You die...

~~~~.~~~~~~.
♣.~..♣
♣§..~§~~~~♣
♣♣...♣ ~
~~~~~♣§[..♣
♣♣...♣ ~~
.~~<..~~♣
♣~~§.♣ .~.
~~~~~.♣♣♣
♣♣..~♣♣ .#>♣
.~.~~~♣
♣♣.[~.♣ ....♣
~~~.~♣♣
♣§§~§#♣#.§~♣
..~>♣♣
♣§§*3..~~~.♣
..♣.♣
♣○§@X§♣.♣>♣♣
~♣..♣ ♣○§...♣
#. ♣♣..♣
~~~°4.§..~♣?♣
♣♣..♣
~.♣~....♣♣♣♣♣
~♣ ♣♣.♣♣
♣♣..♣♣♣ ♣
♣♣.♣♣ ♣♣.
~~~~♣ ♣♣
~~~♣♣ ♣.~~♣


You could see Mlioglotl (strong, very poisoned), a smoke demon (summoned), a
chaos spawn (summoned) and a friendly battlesphere.

Vanquished Creatures
  Donald (Orc:2)
  A fenstrider witch (Swamp:1)
  Nessos (D:13)
  Snorg (Orc:2)
  Josephine (D:11)
  6 hydras
  2 ogre magi (Orc:2)
  A boulder beetle (D:12)
  A merfolk avatar (Lair:5)
  A centaur warrior (D:13)
  Erica (D:10)
  14 two-headed ogres
  6 death yaks (Lair:4)
  An orc high priest (Orc:1)
  An iron troll (Orc:2)
  2 skysharks (Lair:5)
  3 sea snakes
  A deep troll (Orc:2)
  The ghost of QuickerDeath the Gusty, a novice DEAE of Ashenzari (D:9)
  A deep elf zephyrmancer (D:13)
  A bog body (Swamp:1)
  2 orc knights
  A lindwurm (Lair:4)
  3 wizards
  2 harpies (Lair:5)
  2 oklob plants (Lair:5)
  A deep elf pyromancer (D:12)
  2 orc sorcerers (Orc:2)
  4 cyclopes
  2 ugly things (D:13)
  3 manticores
  5 black mambas
  Maurice (D:8)
  9 elephants
  Joseph (D:7)
  A torpor snail (Lair:1)
  13 cane toads
  Maggie (D:7)
  8 komodo dragons
  2 unseen horrors
  An efreet (D:13)
  2 tengu conjurers (D:13)
  A rime drake (Lair:3)
  16 trolls
  3 hornets
  A polar bear (Lair:5)
  4 dream sheep (Lair:1)
  12 blink frogs
  3 slime creatures (D:12)
  A culicivora (shapeshifter) (D:13)
  Sigmund (D:3)
  7 wraiths
  A spriggan (Swamp:1)
  21 yaks
  4 basilisks
  12 wyverns
  A steam dragon (Lair:5)
  4 wargs
  4 acid dragons
  A swamp worm (Swamp:1)
  22 water moccasins
  A swamp drake (Swamp:1)
  2 black bears
  18 orc warriors
  2 sky beasts
  18 ogres
  4 centaurs
  3 wolves (Lair:2)
  A kobold brigand (D:7)
  15 bullfrogs
  2 scorpions
  14 killer bees
  3 electric eels
  7 howler monkeys
  2 hounds
  Crazy Yiuf (D:2)
  13 orc priests
  3 jellies
  18 orc wizards
  7 hell rats
  10 gnolls (Bailey)
  10 adders
  An ufetubus (D:5)
  A worm (D:2)
  2 dart slugs (D:1)
  86 orcs
  7 bats
  8 endoplasms
  A giant cockroach (D:1)
  11 goblins
  7 hobgoblins
  2 jackals (D:5)
  6 kobolds
  4 quokkas
  4 ball pythons
  3 frilled lizards (D:1)
  8 rats
  A bush (Lair:2)
539 creatures vanquished.

Vanquished Creatures (collateral kills)
  A komodo dragon (Lair:1)
  A wolf (Lair:2)
  A killer bee (D:11)
  9 foxfires
12 creatures vanquished.

Vanquished Creatures (others)
  An orc wizard (D:9)
  1704 foxfires
  74 fungi
  99 plants
1878 creatures vanquished.

Grand Total: 2429 creatures vanquished

Notes
Turn   | Place    | Note
-------+----------+-------------------------------------------
     0 | D:1      | funkygono the Gargoyle Fire Elementalist began the quest
                  | for the Orb.
     0 | D:1      | Reached XP level 1. HP: 10/10 MP: 3/3
   195 | D:1      | Reached XP level 2. HP: 15/15 MP: 1/5
   198 | D:1      | Learned a level 2 spell: Scorch
   659 | D:1      | Reached XP level 3. HP: 19/19 MP: 3/6
   663 | D:1      | Learned a level 3 spell: Kindle Blastsparks
  1531 | D:2      | Reached XP level 4. HP: 24/24 MP: 3/7
  2023 | D:2      | Found a runed translucent door.
  2024 | D:2      | Noticed Crazy Yiuf
  2030 | D:2      | Killed Crazy Yiuf
  2351 | D:3      | Reached XP level 5. HP: 28/28 MP: 2/10
  2356 | D:3      | Learned a level 4 spell: Flame Wave
  2509 | D:3      | Noticed Sigmund
  2514 | D:3      | Killed Sigmund
  2515 | D:3      | Reached XP level 6. HP: 32/32 MP: 4/11
  2734 | D:3      | Found a faded altar of an unknown god.
  3363 | D:4      | Identified the +2 robe of the Rose {Harm rPois rC+ Dex+3}
  3411 | D:4      | Noticed a sky beast
  3418 | D:4      | Killed a sky beast
  3419 | D:4      | Reached skill level 5 in Fire Magic
  3419 | D:4      | Reached XP level 7. HP: 33/36 MP: 7/13
  3731 | D:4      | Found a staircase to the Ecumenical Temple.
  3738 | Temple   | Entered the Ecumenical Temple
  3788 | Temple   | Became a worshipper of Sif Muna the Loreminder
  4232 | D:5      | Entered Level 5 of the Dungeon
  4265 | D:5      | Identified the +3 ring mail "Miur Qym" {+Inv}
  4310 | D:5      | Found a shadowy altar of Dithmenos.
  4411 | D:5      | Learned a level 5 spell: Fireball
  4569 | D:5      | Reached skill level 5 in Spellcasting
  4709 | D:5      | Found a glowing silver altar of Zin.
  5100 | D:5      | Learned a level 1 spell: Magic Dart
  5153 | D:6      | Reached skill level 1 in Maces & Flails
  5153 | D:6      | Reached XP level 8. HP: 42/42 MP: 9/15
  5316 | D:6      | Reached skill level 1 in Armour
  5640 | D:6      | Found a blossoming altar of Fedhas.
  5964 | D:7      | Noticed Maggie
  5974 | D:7      | Killed Maggie
  5975 | D:7      | Reached skill level 5 in Conjurations
  6098 | D:7      | Noticed a hornet
  6099 | D:7      | Noticed Joseph
  6142 | D:6      | Killed a hornet
  6143 | D:6      | Reached XP level 9. HP: 19/46 MP: 11/18
  6324 | D:6      | Reached * piety under Sif Muna
  6358 | D:7      | Killed Joseph
  6359 | D:7      | Reached skill level 1 in Fighting
  6642 | D:7      | Found a broken altar of Ashenzari.
  6842 | D:7      | Found an ornate altar of the Wu Jian Council.
  6880 | D:8      | Noticed Maurice
  6886 | D:8      | Killed Maurice
  7228 | D:8      | Found a shimmering altar of Xom.
  7270 | D:8      | Found Amaev's Armour Boutique.
  7278 | D:8      | Bought a +1 helmet of intelligence for 247 gold pieces
  7554 | D:9      | Reached XP level 10. HP: 53/53 MP: 13/21
  7596 | D:9      | Found a transporter.
  7597 | D:9      | Noticed QuickerDeath's ghost (novice DEAE)
  7598 | D:9      | Identified the +7 great mace "Gebuimoe" {venom, Fragile
                  | Dex+6}
  7598 | D:9      | Identified the +8 dire flail "Zazon" {venom, rElec}
  7598 | D:9      | Noticed a two-headed ogre
  7598 | D:9      | Noticed a two-headed ogre
  7604 | D:9      | Noticed a two-headed ogre
  7605 | D:9      | Noticed a two-headed ogre
  7636 | D:9      | Noticed a manticore
  7642 | D:9      | Killed a manticore
  7712 | D:9      | Found an ancient bone altar of Kikubaaqudgha.
  7878 | D:9      | Found a flagged portal.
  7889 | Bailey   | Entered a bailey
  8415 | Bailey   | Reached ** piety under Sif Muna
  8427 | Bailey   | Noticed an orc knight
  8454 | Bailey   | Killed an orc knight
  8828 | D:9      | Found an iron altar of Okawaru.
  8864 | D:9      | Found a snail-covered altar of Cheibriados.
  9305 | D:10     | Entered Level 10 of the Dungeon
  9305 | D:10     | Found a basalt altar of Yredelemnul.
  9558 | D:10     | Found a bloodstained altar of Trog.
  9610 | D:10     | Noticed a two-headed ogre
  9617 | D:10     | Killed a two-headed ogre
  9618 | D:10     | Reached skill level 10 in Fire Magic
  9668 | D:10     | Identified the +2 leather armour of Intuition {MP+9 Str-4
                  | Int+3 Dex+2}
  9696 | D:10     | Noticed Erica
  9709 | D:10     | Killed Erica
  9710 | D:10     | Reached XP level 11. HP: 60/60 MP: 13/24
  9783 | D:10     | Noticed a deep elf zephyrmancer
  9788 | D:10     | Noticed a wizard
  9791 | D:10     | Noticed a wizard
  9804 | D:10     | Got Ts'ui Pên's Compilation of Forking Paths
  9811 | D:10     | Got the Catalogue of Axaxaxas mlö
  9815 | D:10     | Learned a level 2 spell: Call Imp
  9818 | D:10     | Noticed a wizard
  9860 | D:10     | Got the Cyclopedia of Combed Thunderclap
 10430 | D:11     | Found a radiant altar of Vehumet.
 10431 | D:11     | Noticed a manticore
 10437 | D:11     | Noticed a cyclops
 10441 | D:11     | Killed a manticore
 10453 | D:11     | Killed a cyclops
 10567 | D:11     | Reached *** piety under Sif Muna
 10591 | D:11     | Noticed a cyclops
 10605 | D:11     | Killed a cyclops
 10916 | D:11     | Noticed a two-headed ogre
 10922 | D:11     | Killed a two-headed ogre
 10923 | D:11     | Reached skill level 1 in Summonings
 11193 | D:11     | Reached skill level 5 in Armour
 11193 | D:11     | Reached skill level 10 in Spellcasting
 11252 | D:11     | Found a staircase to the Lair.
 11324 | D:11     | Noticed Josephine
 11339 | D:11     | Killed Josephine
 11969 | D:8      | Bought a +0 pair of boots of rampaging for 172 gold pieces
 12055 | Lair:1   | Entered Level 1 of the Lair of Beasts
 12371 | Lair:1   | Reached XP level 12. HP: 50/65 MP: 6/26
 12892 | Lair:1   | Identified the +8 whip "Lueducar" {flame, rF+ Dex+4}
 12902 | Lair:1   | Identified the +6 dagger of Fate {vamp, Will+}
 13389 | Lair:2   | Noticed an eight-headed hydra
 13812 | Lair:2   | Noticed a seven-headed hydra
 13824 | Lair:2   | HP: 2/68 [seven-headed hydra (10)]
 13825 | Lair:2   | Killed a seven-headed hydra
 14105 | Lair:2   | Reached **** piety under Sif Muna
 14165 | Lair:2   | Killed an eight-headed hydra
 14166 | Lair:2   | Reached skill level 5 in Fighting
 14753 | Lair:2   | Found a staircase to the Snake Pit.
 14905 | Lair:2   | Reached XP level 13. HP: 70/72 MP: 25/28
 15023 | Lair:2   | Found a staircase to the Swamp.
 16128 | Lair:3   | Identified the +11 trident of Fortitude {protect, Contam
                  | rPois rN+ Dex+3}
 16227 | Lair:3   | Found a runed translucent gate.
 16227 | Lair:3   | Found a runed translucent gate.
 16227 | Lair:3   | Found a runed translucent gate.
 16432 | Lair:3   | Noticed utis's ghost (journeyman TeWn)
 16955 | Lair:4   | Reached skill level 1 in Invocations
 16990 | Lair:4   | Reached skill level 5 in Maces & Flails
 18008 | Lair:5   | Entered Level 5 of the Lair of Beasts
 18331 | Lair:5   | Found a staircase to the Slime Pits.
 18884 | Lair:4   | Gained mutation: Your large and strong wings let you fly.
                  | [Gargoyle growth]
 18884 | Lair:4   | Reached XP level 14. HP: 79/79 MP: 12/31
 20024 | Lair:5   | Reached ***** piety under Sif Muna
 20057 | Lair:5   | Received a gift from Sif Muna
 20058 | Lair:5   | Got Sif Muna's Anthology of the Mortuary {god gift}
 21605 | Lair:4   | Learned a level 4 spell: Iskenderun's Mystic Blast
 21875 | D:9      | Learned a level 6 spell: Starburst
 21876 | D:9      | Found a transporter.
 21881 | D:9      | Reached skill level 10 in Conjurations
 21900 | D:9      | Killed QuickerDeath's ghost
 22346 | D:12     | Reached skill level 5 in Dodging
 22592 | D:12     | Found Hanoidipp's Assorted Antiques.
 22903 | D:12     | Found a staircase to the Orcish Mines.
 23729 | D:12     | Identified a scroll of acquirement
 23729 | D:12     | Acquired the Precepts of the Twenty Beds
 23737 | D:12     | Learned a level 5 spell: Iskenderun's Battlesphere
 23744 | D:12     | Learned a level 6 spell: Iron Shot
 23807 | Orc:1    | Entered Level 1 of the Orcish Mines
 24335 | Orc:1    | Found Goroawk's Magic Scroll Shop.
 24345 | Orc:1    | Bought a scroll of identify for 22 gold pieces
 24345 | Orc:1    | Bought a scroll of identify for 22 gold pieces
 24345 | Orc:1    | Bought a scroll of identify for 22 gold pieces
 24696 | Orc:2    | Entered Level 2 of the Orcish Mines
 25107 | Orc:2    | Found a staircase to the Elven Halls.
 25112 | Orc:2    | Noticed Donald
 25123 | Orc:2    | Killed Donald
 25130 | Orc:2    | Noticed Snorg
 25138 | Orc:2    | Killed Snorg
 25228 | Orc:2    | Paralysed by an orc sorcerer for 3 turns
 25605 | Orc:2    | Reached XP level 15. HP: 82/85 MP: 14/33
 26488 | Orc:2    | Found Ellostre's Assorted Antiques.
 26489 | Orc:2    | Found Geza's Armour Emporium.
 26494 | Orc:2    | Found Erugh's Antique Armour Shop.
 26503 | Orc:2    | Found Firar's Armour Shoppe.
 27329 | D:13     | Noticed Nessos
 27333 | D:13     | Killed Nessos
 28240 | Swamp:1  | Entered Level 1 of the Swamp
 28493 | Swamp:1  | Noticed a fenstrider witch
 28493 | Swamp:1  | Paralysed by a fenstrider witch for 4 turns
 28503 | Swamp:1  | Killed a fenstrider witch
 28618 | Swamp:1  | Noticed Mlioglotl
 28636 | Swamp:1  | Killed from afar by a smoke demon

Illustrated notes

Levels and vault maps discovered:
D:1:      minmay_arrival_widening_spiral_wide, layout_rooms
D:2:      layout_basic, uniq_crazy_yiuf_cottage
D:3:      layout_rooms, shapermc_ecumenical_altar_mp_highgroup, uniq_sigmund
D:4:      layout_loops_corners, minmay_temple_entry_hall
D:5:      layout_loops_cross, lemuel_doored_altar, grunt_dithmenos_smoke
D:6:      layout_loops_ring, nicolae_overflow_hidden_temple
D:7:      layout_rooms, nzn_wu_jian_council_hall, lemuel_crystal_altar,
          uniq_joseph, uniq_maggie
D:8:      layout_cave_pools, kennysheep_little_box, serial_shops, shop,
          uniq_maurice
D:9:      layout_loops_ring, kennysheep_mini_moat, mainiacjoe_overflow_brackets,
          nicolae_overflow_crystal_walls, enter_bailey_5, gammafunk_ghost_smash
D:10:     layout_irregular_city, bloody_trog,
          mainiacjoe_overflow_small_starburst, bh_hangedman_babel_library,
          uniq_erica
D:11:     layout_loops_ring, grunt_lair_entry_orc_guard_hut, kennysheep_diamond,
          item_on_display_a, uniq_josephine
D:12:     layout_loops_corners, david_orc_5, serial_shops, nicolae_shop_crystal
D:13:     layout_basic, uniq_nessos
Temple:   minmay_temple_curvy_loop
Lair:1:   layout_regular_city
Lair:2:   layout_layer_cave, minmay_swamp_entry_worms,
          minmay_snake_entry_six_corridors, serial_bayou_shore_a
Lair:3:   layout_hall_layers, gammafunk_ghost_icy
Lair:4:   statuecave_lemuel, layout_cave_pods, grunt_megastairs_2
Lair:5:   gammafunk_lair_ancient_temple, layout_small_grid,
          minmay_slime_entry_oklob_open
Swamp:1:  layout_falls_marsh, evilmike_swamp_ruin_rubble_2, uniq_mlioglotl
Orc:1:    layout_diamond_mine, serial_shops, nicolae_shop_waterfront,
          lightli_orcish_oven
Orc:2:    st_orc_open, layout_diamond_mine, basic_altar, uniq_snorg, uniq_donald

Skill      XL: |  1  2  3  4  5  6  7  8  9 10 11 12 13 14 15 |
---------------+----------------------------------------------+-----
Conjurations   | 2 3 4 5 6 7 8 9 10 11 | 11.3
Spellcasting   | 3 4 5 6 7 9 10 11 13 14 | 14.9
Fire Magic     | 4 5 7 8 10 11 12 13 14 | 14.8
Dodging        | 2 3 4 5 |  5.4
Maces & Flails | 1 2 3 4 5 6 |  6.7
Armour         | 2 3 4 5 6 7 8 |  8.3
Fighting       | 1 3 5 6 7 |  7.1
Summonings     | 2 |  2.7
Invocations    | 1 2 |  2.2
Stealth        | |  2.1
Earth Magic    | |  0.8

Action                     |  1- 3 |  4- 6 |  7- 9 | 10-12 | 13-15 || total
---------------------------+-------+-------+-------+-------+-------++-------
  Melee: Whip              |     3 |    14 |    57 |       |       ||    74
         Punch             |       |       |     1 |     1 |     1 ||     3
         Mace              |       |       |    13 |   104 |   112 ||   229
         Great mace        |       |       |       |       |   107 ||   107
   Cast: Foxfire           |    46 |    57 |    75 |   260 |   548 ||   986
         Scorch            |     4 |    11 |    57 |   120 |   154 ||   346
         Flame Wave        |       |       |       |    35 |    24 ||    59
         Call Imp          |       |       |       |    22 |    17 ||    39
         Fireball          |       |       |       |     3 |    42 ||    45
         Starburst         |       |       |       |       |    33 ||    33
         Magic Dart        |       |       |       |       |     7 ||     7
         Iskenderun's Batt |       |       |       |       |    20 ||    20
         Iskenderun's Myst |       |       |       |       |     2 ||     2
 Invoke: Channel Magic     |       |       |       |     2 |     8 ||    10
    Use: Scroll            |       |       |    15 |     7 |    10 ||    32
         Potion            |       |       |       |     2 |     4 ||     6
   Stab: Sleeping          |       |       |       |       |     1 ||     1
 Armour: Robe              |     1 |     5 |       |       |       ||     6
         Ring mail         |       |       |    74 |   220 |   375 ||   669
  Dodge: Dodged            |     3 |     5 |   106 |   242 |   403 ||   759

Table legend: (Time is in decaauts)
 A = Elapsed time spent in this place.
 B = Non-inter-level travel time spent in this place.
 C = Inter-level travel time spent in this place.
 D = Time resting spent in this place.
 E = Time spent auto-exploring this place.
 F = Levels seen in this place.
 G = Mean time per level.
                   A        B        C        D        E       F      G
               +--------+--------+--------+--------+--------+-----+--------+
         Total |  28795 |  27744 |   1051 |   1653 |  20932 |  23 | 1252.0 |
       Dungeon |  14916 |  14109 |    807 |    470 |  11316 |  13 | 1147.4 |
        Temple |    200 |    195 |      5 |      0 |    183 |   1 |  200.0 |
          Lair |   9834 |   9637 |    197 |    803 |   6951 |   5 | 1966.8 |
         Swamp |    398 |    398 |      0 |      0 |    338 |   1 |  398.0 |
  Orcish Mines |   2656 |   2617 |     39 |      0 |   1980 |   2 | 1328.0 |
        Bailey |    789 |    789 |      0 |    380 |    163 |   1 |  789.0 |
               +--------+--------+--------+--------+--------+-----+--------+

Top non-repeatable levels by time:
  Lair:4: 2657 daAuts
  Lair:5: 2615 daAuts
    D:12: 2016 daAuts
  Lair:1: 1881 daAuts
    D:11: 1841 daAuts
  Lair:2: 1553 daAuts
   Orc:2: 1436 daAuts
     D:9: 1297 daAuts
     D:4: 1250 daAuts
   Orc:1: 1220 daAuts
     D:2: 1210 daAuts
    D:10: 1206 daAuts
    D:13: 1177 daAuts
  Lair:3: 1126 daAuts
     D:6: 1005 daAuts
